Map: Dasan Station LE

Players

Fropez - Winner!

  • Race: Protoss Protoss
  • League: Gold
  • Spawn Location: 6:00

Zaknafien

  • Race: Terran Terran
  • League: Gold
  • Spawn Location: 12:00

VOD

Have the link to the VOD?

Description

Time

  • Played on: Nov. 15, 2016, 5:10 p.m.
  • Length: 7:06
Show
View Real Time Build Order
Export as new Build Order

Fropez Protoss - Winner!

Build Orders:  

Get SALT Encoding   

  12  0:01  Probe (Chrono Boost)  
  13  0:12  Probe (Chrono Boost)  
  14  0:17  Pylon  
  14  0:23  Probe (Chrono Boost)  
  15  0:35  Probe (Chrono Boost)  
  16  0:39  Gateway  
  16  0:46  Assimilator  
  16  0:47  Probe (Chrono Boost)  
  16  0:58  Probe (Chrono Boost)  
  16  1:03  Gateway  
  17  1:09  Probe (Chrono Boost)  
  18  1:19  Probe (Chrono Boost)  
  19  1:27  Cybernetics Core  
  19  1:30  Probe (Chrono Boost)  
  20  1:33  Pylon  
  20  1:45  Probe (Chrono Boost)  
  21  1:48  Gateway  
  21  1:50  Assimilator  
  21  2:05  Warp Gate (Chrono Boost)  
  21  2:09  Mothership Core  
  23  2:19  Adept  
  23  2:22  Adept  
  27  2:37  Pylon  
  27  2:39  Probe  
  28  2:46  Pylon  
  28  2:51  Probe  
  28  2:52  Stalker  
  28  2:56  Stalker  
  32  3:27  Adept x3  
  38  3:47  Pylon  
  38  3:52  Nexus  
  38  4:23  Adept x2  
  38  4:24  Adept  
  42  4:31  Twilight Council  
  42  4:47  Forge  
  42  4:49  Stalker  
  44  5:07  Resonating Glaives (Chrono Boost)  
  44  5:10  Adept x2  
  48  5:17  Adept  
  46  5:36  Adept x2  
  46  5:37  Adept  
  42  6:17  Adept x2  
  42  6:18  Adept  
  48  6:39  Adept x2  
  46  6:44  Gateway  
  46  6:45  Probe  
  46  6:46  Probe  
  48  6:52  Adept, Pylon  
Show
View Real Time Build Order
Export as new Build Order

Zaknafien Terran 

Build Orders:  

Get SALT Encoding   

  12  0:01  SCV  
  13  0:13  SCV  
  14  0:21  Supply Depot  
  14  0:26  SCV  
  16  0:42  SCV  
  16  0:43  Barracks  
  16  0:56  Barracks  
  16  1:01  Refinery  
  16  1:09  SCV  
  17  1:15  Refinery  
  17  1:21  SCV  
  18  1:30  Marine  
  19  1:36  Supply Depot  
  19  1:41  Barracks  
  19  1:48  Marine  
  19  1:50  Marine  
  21  1:57  SCV  
  22  2:08  Marine  
  22  2:09  Marine  
  22  2:14  Orbital Command  
  24  2:26  Marine  
  24  2:27  Marine  
  24  2:29  Marine  
  27  2:34  Supply Depot  
  27  2:44  Marine  
  27  2:45  Marine  
  27  2:51  Marine  
  30  3:02  Marine  
  30  3:03  Marine  
  30  3:04  Engineering Bay  
  32  3:09  Marine  
  32  3:11  SCV  
  34  3:20  Marine  
  34  3:21  Marine  
  35  3:27  Marine  
  35  3:31  Terran Infantry Weapons Level 1  
  36  3:36  SCV  
  36  3:37  Marine  
  36  3:40  Barracks Tech Lab  
  38  3:48  SCV  
  39  4:05  Command Center  
  39  4:08  Marine  
  39  4:16  Marine  
  39  4:58  Supply Depot  
  39  5:09  Supply Depot  
  39  5:16  Marine x3  
  42  5:23  Bunker  
  41  5:34  Marine x3  
  43  5:40  Orbital Command  
  43  5:42  SCV  
  31  6:32  Marine x3  
  32  6:58  Factory  
Tags
 
League
GoldGold
Matchup
PvT
Replay Pack
All Mines
Spawn Locations
Cross Positions
Add a new tag
Caveats
  • Supply blocks, unpowered buildings, or Contaminate may cause inaccurate times.
  • Supply counts are checked every 10 seconds.